 Dungeon Crawl Stone Soup version 0.16-a0-2063-g87d9768 (webtiles) character file.

352 Psiweapon the Cudgeler (level 6, -12/47 HPs)
             Began as a Mummy Fighter on Nov 1, 2014.
             Mangled by an ogre
             ... wielding a +0 giant club
              (27 damage)
             ... on level 6 of the Dungeon on Nov 11, 2014.
             The game lasted 00:16:13 (3503 turns).

Psiweapon the Cudgeler (Mummy Fighter)              Turns: 3503, Time: 00:16:13

Health: -12/47     AC:  8    Str: 19    XL:     6   Next: 35%
Magic:  6/6        EV:  7    Int:  9    God:
Gold:   184        SH:  8    Dex: 11    Spells: 0 memorised, 5 levels left

rFire  x . .     SeeInvis +     a - +0 flail
rCold  + . .     Clarity  .     p - +2 ring mail of Duty {rPois SInv}
rNeg   + + +     SustAb   .     c - +0 shield
rPois  +         Gourm    .     (no helmet)
rElec  .         Spirit   .     (no cloak)
rCorr  .         Warding  .     f - +0 pair of gloves
rMut   .         Stasis   .     (no boots)
MR     .....                    (no amulet)
Stlth  +.........               (no ring)
                                j - ring of wizardry

@: not resistant to hostile enchantments, very unstealthy
A: no food or potions, fire vulnerability, restore body, cold resistance 1,
negative energy resistance 3, poison resistance, torment resistance, unbreathing
a: no special abilities


You were on level 6 of the Dungeon.
You were not hungry.

You visited 1 branch of the dungeon, and saw 6 of its levels.

You collected 184 gold pieces.

Inventory:

Hand weapons
 a - a +0 flail (weapon)
 l - a +0 blowgun
Missiles
 m - 25 poisoned needles
 o - 22 stones (quivered)
 q - a tomahawk
Armour
 b - a +0 scale mail
 c - a +0 shield (worn)
 f - a +0 pair of gloves (worn)
 p - the +2 ring mail of Duty (worn) {rPois SInv}
   (You found it on level 4 of the Dungeon)

   It protects you from poison.
   It enhances your eyesight.
Jewellery
 j - a ring of wizardry (left hand)
Scrolls
 d - 2 scrolls of blinking {unknown}
 e - 2 scrolls of recharging {unknown}
 g - 2 scrolls of fear {unknown}
 h - 2 scrolls of remove curse {unknown}
 i - 8 scrolls of identify {unknown}
 k - a scroll of enchant weapon {unknown}
 n - 2 scrolls of teleportation {unknown}


   Skills:
 - Level 3.0 Fighting
 + Level 5.5 Maces & Flails
 - Level 2.4 Armour
 - Level 2.6 Shields


You had 5 spell levels left.
You didn't know any spells.

Dungeon Overview and Level Annotations

Branches:
Dungeon (6/15)
 Temple: D:4-7

Altars:
Dithmenos
Sif Muna

Shops:
D:5 *


Innate Abilities, Weirdness & Mutations

You do not eat or drink.
Your flesh is vulnerable to fire.
Your flesh is cold resistant.
You are immune to negative energy.
Your system is resistant to poisons.
You are immune to unholy pain and torment.
You can survive without breathing.


Message History

You block the adder's attack. You block the giant mite's attack.
The adder bites you but does no damage.
The giant mite bites you but does no damage.
You block the ogre's attack.
A centaur and a skeleton come into view.
You hit the ogre.
The ogre is heavily wounded.
The adder bites you. The rat bites you but does no damage.
The giant mite bites you but does no damage.
The adder bites you. You block the ogre's attack.
Unknown command.
You hit the ogre.
The ogre is heavily wounded.
The rat bites you but does no damage. The ogre barely misses you.
You block the adder's attack. You block the giant mite's attack.
The rat barely misses you.
Unknown command.
The ogre hits you with a giant club!!
Ouch! That really hurt!
You die...

........#
?...Z.....#
...........#
....?.......#
............#
....$.c.....#
.......sO...#
#......rSO5#
########@###
#..# ##.# ..
#.# .# .. ...


You could see 2 ogres, a centaur, a crimson imp, an adder, a giant mite, a rat
and an orc skeleton.

Vanquished Creatures
  A phantom (D:5)
  An iguana (D:4)
  Natasha (D:4)
  An orc wizard (D:5)
  Ijyb (D:3)
  A hound zombie (D:5)
  7 adders
  2 worms
  An iguana skeleton (D:5)
  10 orcs
  A ball python (D:3)
  2 giant cockroaches
  5 hobgoblins
  9 jackals
  7 bats
  4 giant newts
  8 goblins
  9 kobolds
  10 rats
81 creatures vanquished.

Notes
Turn   | Place    | Note
--------------------------------------------------------------
     0 | D:1      | Psiweapon, the Mummy Fighter, began the quest for the Orb.
     0 | D:1      | Reached XP level 1. HP: 18/18 MP: 1/1
     0 | D:1      | Noticed a large abomination
     0 | D:1      | Noticed a tentacled monstrosity
     1 | D:1      | Noticed an iron dragon
     1 | D:1      | Noticed a tentacled monstrosity
     3 | D:1      | Noticed a large abomination
     3 | D:1      | Noticed a shadow dragon
     5 | D:1      | Noticed a shadow dragon
     6 | D:1      | Noticed an iron dragon
     8 | D:1      | Noticed an iron dragon
    10 | D:1      | Noticed an orb of fire
    12 | D:1      | Noticed a large abomination
    14 | D:1      | Noticed a white draconian
    16 | D:1      | Noticed a large abomination
    16 | D:1      | Noticed a large abomination
    16 | D:1      | Noticed a shadow dragon
    18 | D:1      | Noticed an orb of fire
    18 | D:1      | Noticed an orb of fire
    20 | D:1      | Noticed a shadow dragon
   127 | D:1      | Reached XP level 2. HP: 18/24 MP: 2/2
   908 | D:2      | Reached XP level 3. HP: 26/29 MP: 3/3
  1316 | D:3      | Noticed Ijyb
  1333 | D:3      | Killed Ijyb
  1333 | D:3      | Reached XP level 4. HP: 27/35 MP: 4/4
  1934 | D:3      | Upgraded the game from 0.16-a0-1767-gaf01991 to 0.16-a0-2063-g87d9768
  2015 | D:3      | Found a shadowy altar of Dithmenos.
  2015 | D:3      | Found a deep blue altar of Sif Muna.
  2413 | D:3      | Reached skill level 4 in Maces & Flails
  2540 | D:4      | Reached XP level 5. HP: 33/41 MP: 5/5
  2779 | D:4      | Got a jewelled ring mail
  2798 | D:3      | Identified the +2 ring mail of Duty {rPois SInv} (You found it on level 4 of the Dungeon)
  2928 | D:4      | Noticed Natasha
  2941 | D:4      | Killed Natasha
  3172 | D:5      | Entered Level 5 of the Dungeon
  3278 | D:5      | Noticed a phantom
  3381 | D:5      | Reached skill level 5 in Maces & Flails
  3410 | D:5      | Killed a phantom
  3410 | D:5      | Reached XP level 6. HP: 19/47 MP: 6/6
  3451 | D:5      | Found Prumio Nigi's Assorted Antiques.
  3479 | D:5      | Noticed an ogre
  3503 | D:6      | Mangled by an ogre

Action                   |  1- 3 |  4- 6 || total
-------------------------+-------+-------++-------
Melee: Flail             |   119 |   260 ||   379
Throw: Stone             |       |     2 ||     2
 Stab: Confused          |       |     1 ||     1
